 Dungeon Crawl Stone Soup version 0.24.0-125-gc4c63601f3 (webtiles) character file.

Game seed: 3433017014631543826, levelgen mode: deterministic

651 Amplified the Ducker (level 7, -10/55 HPs)
             Began as a Minotaur Enchanter on Mar 6, 2020.
             Was an Initiate of Gozag.
             Mangled by Prince Ribbit (15 damage)
             ... on level 5 of the Dungeon.
             The game lasted 00:05:39 (3696 turns).

Amplified the Ducker (Minotaur Enchanter)           Turns: 3696, Time: 00:05:39

Health: -10/55     AC:  5    Str: 12    XL:     7   Next: 28%
Magic:  8/8        EV: 16    Int: 14    God:    Gozag
Gold:   18         SH:  0    Dex: 13    Spells: 7/8 levels left

rFire    . . .     SeeInvis .   m - +1 trident
rCold    . . .     Gourm    .   (no shield)
rNeg     . . .     Faith    .   j - +0 ring mail
rPois    .         Spirit   .   (helmet restricted)
rElec    .         Reflect  .   (no cloak)
rCorr    .         Harm     .   (no gloves)
MR       .....                  (no boots)
Stlth    +.........             (no amulet)
HPRegen  0.18/turn              i - +3 ring of evasion
MPRegen  0.11/turn              b - +2 ring of intelligence

@: no status effects
A: retaliatory headbutt, horns 2
a: Potion Petition, Call Merchant, Bribe Branch, Renounce Religion


You were on level 5 of the Dungeon.
You worshipped Gozag.
Gozag was noncommittal.
You were very hungry.

You visited 1 branch of the dungeon, and saw 6 of its levels.

You collected 477 gold pieces.
You paid 459 gold pieces to Gozag.

Inventory:

Hand Weapons
 k - a +0 morningstar
 m - a +1 trident (weapon)
Armour
 j - a +0 ring mail (worn)
Jewellery
 b - a +2 ring of intelligence (right hand)
 i - a +3 ring of evasion (left hand)
Scrolls
 a - 4 scrolls of identify
 e - 2 scrolls of remove curse
 f - a scroll of amnesia
Potions
 h - a potion of flight
Comestibles
 d - 11 rations


   Skills:
 - Level 2.0 Fighting
   Level 1.1 Short Blades
 * Level 6.0 Polearms
 * Level 6.5 Dodging
 - Level 2.4 Stealth
 - Level 1.3 Spellcasting
 - Level 2.0 Hexes


You had 7 spell levels left.
You knew the following spells:

 Your Spells              Type           Power        Failure   Level  Hunger
a - Corona                Hex            #......      26%         1    ##.....

Your spell library contained the following spells:

 Spells                   Type           Power        Failure   Level  Hunger
 Ensorcelled Hibernation  Hex/Ice        #.....       50%         2    ###....
 Confuse                  Hex            #.......     58%         3    ####...
 Tukima's Dance           Hex            #.......     58%         3    ####...
 Dazzling Spray           Conj/Hex       #.....       75%         3    ####...


Dungeon Overview and Level Annotations

Branches:
Dungeon (6/15)
 Temple: D:4-7

Altars:
Elyvilon
Gozag
Okawaru
Qazlal
Ru

Annotations:
D:5 Prince Ribbit


Innate Abilities, Weirdness & Mutations

You reflexively headbutt those who attack you in melee.
You have a pair of horns on your head.


Message History

You hit Prince Ribbit. You headbutt Prince Ribbit!
Prince Ribbit is heavily wounded.
Prince Ribbit barely misses you.
Attack whom?
Press: ? - help, Dir - move target cursor, f/p - Prince Ribbit
Aim: Prince Ribbit (heavily wounded)
You hit Prince Ribbit. You headbutt Prince Ribbit.
Prince Ribbit is severely wounded.
Prince Ribbit closely misses you. You furiously retaliate!
You headbutt Prince Ribbit, but do no damage.
Prince Ribbit mumbles some strange words.
Prince Ribbit looks slightly unstable.
Attack whom?
Press: ? - help, Dir - move target cursor, f/p - Prince Ribbit
Aim: Prince Ribbit (severely wounded)
You completely miss Prince Ribbit.
Prince Ribbit is severely wounded.
Prince Ribbit hits you!
You die...
Your body crumbles into a pile of gold.

#..###....# .#######.#
#......#.## .P..≈b≈#.#
##.......# ≈.≈≈≈≈##.#
#.#.##### ≈≈Pl.# #.# ##
#.#.################.# (.
..#............##.#..#
################.####...##
........#......F.####.###
#######..[......@.....#
###.############# #.# #.#
#.# #########.#
........F.# #########.#
###


You could see Prince Ribbit.

Vanquished Creatures
  Grinder (D:5)
  An ogre (D:6)
  A bullfrog (D:5)
  An orc priest (D:3)
  A hound (D:4)
  An iguana (D:6)
  2 orc wizards
  A hound skeleton (D:6)
  2 adders (D:2)
  3 gnolls (D:5)
  A shadow imp (D:5)
  An ooze (D:3)
  A worm (D:3)
  3 dart slugs (D:1)
  7 leopard geckos
  6 orcs (D:3)
  11 bats
  3 giant cockroaches
  10 goblins
  5 hobgoblins
  3 jackals (D:2)
  2 quokkas (D:2)
  2 ball pythons (D:2)
  2 frilled lizards
  4 kobolds
  A leopard gecko skeleton (D:5)
  8 rats
84 creatures vanquished.

Vanquished Creatures (others)
  6 fungi (D:5)
6 creatures vanquished.

Grand Total: 90 creatures vanquished

Notes
Turn   | Place    | Note
-------+----------+-------------------------------------------
     0 | D:1      | Amplified the Minotaur Enchanter began the quest for the
                  | Orb.
     0 | D:1      | Reached XP level 1. HP: 14/14 MP: 1/1
    34 | D:1      | Reached skill level 1 in Fighting
    52 | D:1      | Reached XP level 2. HP: 16/23 MP: 3/3
   611 | D:1      | Reached XP level 3. HP: 29/29 MP: 4/4
   936 | D:2      | Reached skill level 1 in Polearms
   996 | D:2      | Found a sacrificial altar of Ru.
  1018 | D:2      | Reached XP level 4. HP: 30/36 MP: 5/5
  1155 | D:2      | Found a faded altar of an unknown god.
  1196 | D:2      | Became a worshipper of Gozag Ym Sagoz the Greedy
  1399 | D:3      | Found an iron altar of Okawaru.
  1455 | D:3      | Reached XP level 5. HP: 12/41 MP: 6/6
  1850 | D:3      | Found a white marble altar of Elyvilon.
  2325 | D:4      | Noticed an ogre
  2457 | D:5      | Entered Level 5 of the Dungeon
  2523 | D:5      | Noticed Prince Ribbit
  2595 | D:5      | Reached skill level 5 in Dodging
  2785 | D:5      | Noticed an ogre
  2785 | D:5      | Noticed an ogre
  2820 | D:6      | Killed an ogre
  2820 | D:6      | Reached XP level 6. HP: 27/48 MP: 7/7
  2903 | D:5      | Reached skill level 5 in Polearms
  2976 | D:5      | Found a stormy altar of Qazlal.
  2993 | D:5      | Noticed Grinder
  3005 | D:5      | Paralysed by Grinder for 6 turns
  3010 | D:5      | HP: 1/48 [Grinder (6)]
  3036 | D:5      | Killed Grinder
  3036 | D:5      | Reached XP level 7. HP: 21/55 MP: 8/8
  3696 | D:5      | Mangled by Prince Ribbit

Levels and vault maps discovered:
D:1:      dpeg_arrival_round_a, layout_loops_ring
D:2:      layout_basic, old_standard_altar, chequers_ecumenical_altar_grove,
          first_ration, minmay_box_of_dots
D:3:      layout_loops_cross, kennysheep_okawaru_gauntlet, elyvilon_altar_3
D:4:      layout_basic, skrybe_limestone_x, saegor_snake_ambush
D:5:      layout_basic, kennysheep_mini_moat, minmay_temple_entry_mini_moons,
          serial_aquarium, aquarium_bridge_long_joined
          [aquarium_subvault_bridge, aquarium_subvault_wall,
          aquarium_subvault_wall, aquarium_subvault_wall,
          aquarium_subvault_balcony, aquarium_subvault_wall],
          aquarium_bridge_straight [aquarium_subvault_bridge,
          aquarium_subvault_wall, aquarium_subvault_bridge,
          aquarium_subvault_wall], aquarium_window_1, aquarium_window_1,
          aquarium_view_2a, uniq_prince_ribbit1, uniq_grinder
D:6:      layout_loops_ring, gammafunk_ghost_smash, serial_shops, shop

Skill      XL: |  1  2  3  4  5  6  7 |
---------------+----------------------+-----
Fighting       | 1 2 |  2.0
Dodging        | 3 4 5 6 |  6.5
Polearms       | 2 3 4 5 6 |  6.0
Short Blades   | |  1.1
Stealth        | |  2.4
Spellcasting   | |  1.3
Hexes          | |  2.0

Action                   |  1- 3 |  4- 6 |  7- 9 || total
-------------------------+-------+-------+-------++-------
Melee: Dagger            |    42 |       |       ||    42
       Headbutt          |    13 |     8 |     2 ||    23
       Spear             |    66 |    56 |       ||   122
       Trident           |       |    72 |    35 ||   107
Throw: Throwing net      |       |     3 |       ||     3
 Cast: Corona            |     1 |       |       ||     1
Invok: Potion Petition   |       |     1 |     1 ||     2
Evoke: Wand              |       |     6 |       ||     6
  Use: Scroll            |     3 |     7 |       ||    10
       Potion            |     1 |     2 |       ||     3
 Stab: Sleeping          |     5 |     2 |       ||     7
       Distracted        |       |     1 |       ||     1
       Held in net/web   |       |     1 |       ||     1
  Eat: Ration            |       |     2 |       ||     2
       Chunk             |       |     1 |       ||     1
Armor: Robe              |    14 |       |       ||    14
       Ring mail         |    12 |    23 |     4 ||    39
Dodge: Dodged            |    67 |    75 |    17 ||   159
